 Dungeon Crawl Stone Soup version 0.24-a0-346-ge062c78e24 (webtiles) character file.

Game seed: 19671657434216820

5889 JellyEater the Geomancer (level 10, -2/59 HPs)
             Began as a Gargoyle Earth Elementalist on May 22, 2019.
             Was a Believer of Vehumet.
             Slain by Gastronok (22 damage)
             ... on level 10 of the Dungeon.
             The game lasted 00:32:30 (9312 turns).

JellyEater the Geomancer (GrEE)                     Turns: 9312, Time: 00:32:31

Health: -2/59      AC: 18    Str: 18    XL:     10   Next: 82%
Magic:  9/20       EV: 13    Int: 18    God:    Vehumet [**....]
Gold:   576        SH:  0    Dex: 10    Spells: 14/23 levels left

rFire    . . .     SeeInvis .   e - +4 dagger (venom)
rCold    + . .     Gourm    .   (no shield)
rNeg     + . .     Faith    .   r - +2 robe {rC+}
rPois    ∞         Spirit   .   m - +2 hat
rElec    +         Reflect  .   q - +0 cloak
rCorr    .         Harm     .   p - +2 pair of gloves
MR       .....                  (no boots)
Stlth    +++.......             (no amulet)
HPRegen  0.19/turn              j - ring of stealth
MPRegen  0.17/turn              (no ring)

@: mighty, slowed, very slow
A: negative energy resistance 1, electricity resistance, unbreathing,
petrification resistance, rot immunity, AC +7
a: Renounce Religion


You were on level 10 of the Dungeon.
You worshipped Vehumet.
Vehumet was pleased with you.
You were not hungry.

You visited 2 branches of the dungeon, and saw 11 of its levels.

You collected 576 gold pieces.

Inventory:

Hand Weapons
 a - a +0 mace
 e - a +4 dagger of venom (weapon)
 f - a +2 flail of distortion
 k - a +2 short sword of speed
 t - a +0 morningstar
 v - a +0 quarterstaff of draining
Missiles
 b - 313 stones (quivered)
 n - 12 poisoned darts
Armour
 m - a +2 hat (worn)
 p - a +2 pair of gloves (worn)
 q - a +0 cloak (worn)
 r - a +2 robe of cold resistance (worn)
Jewellery
 j - a ring of stealth (left hand)
 y - an uncursed ring of ice
Scrolls
 c - 4 scrolls of magic mapping
 g - 6 scrolls of remove curse
 h - a scroll of amnesia
 w - 2 scrolls of teleportation
Potions
 i - a potion of agility {unknown}
 l - a potion of flight
 o - 2 potions of curing
 s - a potion of brilliance
 u - a potion of might
 z - a potion of mutation {unknown}
Miscellaneous
 x - a box of beasts
Comestibles
 d - 23 rations


   Skills:
 + Level 5.0 Fighting
 + Level 4.5 Maces & Flails
 + Level 5.2 Armour
 + Level 4.2 Dodging
 - Level 2.1 Stealth
 + Level 7.0 Spellcasting
 + Level 7.5 Conjurations
   Level 0.7 Transmutations
 + Level 9.5 Earth Magic
 + Level 1.2 Evocations


You had 14 spell levels left.
You knew the following spells:

 Your Spells              Type           Power        Failure   Level  Hunger
a - Sandblast             Erth           #####.       1%          1    None
b - Stone Arrow           Conj/Erth      #####.       1%          3    ##.....
c - Lee's Rapid Deconstr  Erth           #####.....   6%          5    #####..

Your spell library contained the following spells:

 Spells                   Type           Power        Failure   Level  Hunger
 Inner Flame              Hex/Fire       #.......     32%         3    ##.....
 Passwall                 Tmut/Erth      ###.....     1%          2    None
 Petrify                  Tmut/Erth      ###.....     13%         4    ####...


Dungeon Overview and Level Annotations

Branches:
Dungeon (10/15)            Temple (1/1) D:7             Orc (0/2) D:9
   Lair: D:8-11

Altars:
Ashenzari
Cheibriados
Elyvilon
Fedhas
Gozag
Hepliaklqana
Kikubaaqudgha
Makhleb
Nemelex Xobeh
Okawaru
Qazlal
Ru
Vehumet
Wu Jian
The Shining One
Beogh

Shops:
D:7 [   D:9 [

Annotations:
D:7 1 runed translucent door, Roikka's ghost, novice HONe
D:10 Gastronok


Innate Abilities, Weirdness & Mutations

You are resistant to torment.
Your stone body is resilient. (AC +7)
You are immune to poison.
You resist negative energy. (rN+)
You are resistant to electric shocks. (rElec)
You can survive without breathing.
You are immune to petrification.
You are immune to rotting.


Message History

Unknown command.
You puncture Gastronok!
Gastronok looks as sick as possible!
Gastronok is severely wounded.
The rat barely misses you. The river rat bites you.
The rat bites you but does no damage.
Gastronok waves his eye-stalks in wide circles.
The air twists around and strikes you!
Ouch! That really hurt!
The rat barely misses you.
The river rat bites you but does no damage.
Casting: Sandblast (safe; 1% risk of failure)
Confirm with . or Enter, or press ? or * to list all spells.
Aiming: Stone Arrow (safe; 1% risk of failure)
Press: ? - help, Shift-Dir - straight line, f/p - Gastronok
Aim: Gastronok, wearing a +1 hat (severely wounded, poisoned, covering ground quickly)
The stone arrow hits Gastronok!
Gastronok is almost dead.
The rat closely misses you. x2; The river rat misses you.
The rat bites you but does no damage. Gastronok bites you!!
You die...

.... ## ..$ .# #
.!.#.## .. ...
..#..####..
...=##.....#....
#..#....§......
###....§w.......
#......@r........
##..#..rr........
##.#$...........
#......)........
##.##....#....#
#. ##...#....#. #
###<.......
##..........
#...........


You could see Gastronok, a river rat and 2 rats.

Vanquished Creatures
  A two-headed ogre (D:10)
  2 hornets (D:9)
  Prince Ribbit (D:5)
  Sigmund (D:3)
  Edmund (D:5)
  A soldier ant (D:9)
  8 orc warriors
  2 ice beasts
  A phantom (D:5)
  7 ogres
  A necrophage (D:9)
  7 bullfrogs
  2 water moccasin zombies (D:7)
  2 scorpions
  3 killer bees (D:9)
  6 wights
  6 howler monkeys
  5 crimson imps
  A quasit (D:7)
  A bullfrog skeleton (D:7)
  2 centaur skeletons
  6 hounds
  5 orc priests
  5 iguanas
  6 orc wizards
  7 worker ants
  A hound zombie (D:6)
  14 adders
  4 gnolls (D:4)
  4 shadow imps
  2 worms (D:3)
  4 dart slugs
  A leopard gecko (D:2)
  64 orcs
  3 ball pythons
  5 bats
  6 giant cockroaches
  12 goblins
  10 hobgoblins
  7 jackals
  10 kobolds
  3 quokkas
  A ball python skeleton (D:4)
  4 frilled lizards
  A leopard gecko skeleton (D:7)
  5 rats
251 creatures vanquished.

Notes
Turn   | Place    | Note
-------+----------+-------------------------------------------
     0 | D:1      | JellyEater the Gargoyle Earth Elementalist began the quest
                  | for the Orb.
     0 | D:1      | Reached XP level 1. HP: 10/10 MP: 3/3
   131 | D:1      | Reached XP level 2. HP: 12/15 MP: 5/5
   204 | D:1      | Reached skill level 4 in Earth Magic
  1045 | D:2      | Reached XP level 3. HP: 19/19 MP: 6/6
  1160 | D:2      | Learned a level 3 spell: Stone Arrow
  1770 | D:2      | Reached XP level 4. HP: 24/24 MP: 8/8
  2009 | D:2      | Reached skill level 1 in Conjurations
  2360 | D:3      | Reached skill level 5 in Earth Magic
  2486 | D:3      | Noticed Sigmund
  2493 | D:3      | Killed Sigmund
  2493 | D:3      | Reached XP level 5. HP: 17/28 MP: 1/10
  2493 | D:3      | Reached XP level 6. HP: 19/32 MP: 1/11
  2500 | D:3      | Learned a level 5 spell: Lee's Rapid Deconstruction
  2867 | D:3      | Found a glowing golden altar of the Shining One.
  2867 | D:3      | Found a sparkling altar of Nemelex Xobeh.
  2893 | D:3      | Found a shattered altar of Ashenzari.
  3360 | D:4      | Reached skill level 6 in Earth Magic
  3755 | D:5      | Entered Level 5 of the Dungeon
  3764 | D:5      | Reached XP level 7. HP: 34/36 MP: 13/13
  3871 | D:5      | Noticed Prince Ribbit
  3882 | D:5      | Killed Prince Ribbit
  4036 | D:5      | Reached skill level 5 in Spellcasting
  4036 | D:5      | Reached skill level 7 in Earth Magic
  4154 | D:5      | Reached XP level 8. HP: 41/41 MP: 15/15
  4193 | D:5      | Reached skill level 5 in Conjurations
  4268 | D:5      | Noticed Edmund
  4296 | D:5      | Killed Edmund
  4558 | D:5      | Reached skill level 1 in Fighting
  4558 | D:5      | Reached skill level 1 in Armour
  4630 | D:5      | Reached skill level 1 in Maces & Flails
  5102 | D:6      | Reached skill level 8 in Earth Magic
  5135 | D:6      | Found an iron altar of Okawaru.
  5164 | D:6      | Reached XP level 9. HP: 44/48 MP: 3/17
  5452 | D:6      | Found an ancient bone altar of Kikubaaqudgha.
  6348 | D:7      | Found a runed translucent door.
  6348 | D:7      | Noticed Roikka's ghost (novice HONe)
  6478 | D:7      | Found a staircase to the Ecumenical Temple.
  6488 | Temple   | Entered the Ecumenical Temple
  6499 | Temple   | Became a worshipper of Vehumet
  6522 | D:7      | Found Wusas's Antique Armour Shoppe.
  7406 | D:8      | Found a blossoming altar of Fedhas.
  7454 | D:8      | Found a roughly hewn altar of Beogh.
  7482 | D:8      | Reached XP level 10. HP: 32/56 MP: 0/19
  7493 | D:8      | Reached * piety under Vehumet
  7493 | D:8      | Offered knowledge of Sting by Vehumet.
  7702 | D:8      | Reached skill level 9 in Earth Magic
  8200 | D:9      | Reached ** piety under Vehumet
  8204 | D:9      | Offered knowledge of Freeze by Vehumet.
  8222 | D:9      | Found a staircase to the Orcish Mines.
  8383 | D:9      | Found a roughly hewn altar of Beogh.
  8504 | D:9      | Found Atyosseca's Antique Armour Boutique.
  8609 | D:9      | Found a hazy altar of Hepliaklqana.
  8861 | D:9      | Offered knowledge of Inner Flame by Vehumet.
  9013 | D:9      | Found a snail-covered altar of Cheibriados.
  9056 | D:9      | Found a burning altar of Makhleb.
  9221 | D:9      | Reached skill level 5 in Armour
  9272 | D:10     | Entered Level 10 of the Dungeon
  9294 | D:10     | Noticed Gastronok
  9294 | D:10     | Noticed a two-headed ogre
  9299 | D:10     | Killed a two-headed ogre
  9299 | D:10     | Reached skill level 5 in Fighting
  9299 | D:10     | Reached skill level 1 in Evocations
  9312 | D:10     | Slain by Gastronok

Levels and vault maps discovered:
D:1:      ncdulo_watergridlock, layout_basic, hex_tiny, solitary_fountain,
          hex_large, chequers_serial_rivers_marsh
D:2:      layout_loops_ring
D:3:      layout_rooms, amethyst_overflow_temple_binary,
          overflow_temple_1_default, uniq_sigmund
D:4:      layout_loops_corners, first_ration
D:5:      layout_rooms, serial_bayou_lagoon_b, uniq_edmund, uniq_prince_ribbit1
D:6:      corexii_shack_village, layout_cave_pods, kiku_gazebo_garden_becter,
          old_standard_altar
D:7:      layout_gridville, temple_green, gammafunk_ghost_grave, serial_shops,
          shop
D:8:      layout_loops_ring, fedhas_altar_2, special_room [special_room_orc],
          minmay_misc_feat_nine_boxes
D:9:      layout_loops_corners, cheibriados_altar_1, makhleb_grotto_becter,
          kennysheep_little_box, david_orc_5, serial_shops, nicolae_shop_stone,
          hangedman_pestilent_swarm
D:10:     layout_cave_pools, nicolae_benzene_ring, uniq_gastronok
Temple:   dshaligram_water_room_temple

Skill      XL: |  1  2  3  4  5  6  7  8  9 10 |
---------------+-------------------------------+-----
Earth Magic    | 4 5 6 7 8 9 |  9.5
Spellcasting   | 3 4 5 6 7 |  7.0
Conjurations   | 2 3 4 5 6 7 |  7.5
Fighting       | 2 3 5 |  5.0
Armour         | 2 4 5 |  5.2
Maces & Flails | 1 3 4 |  4.5
Dodging        | 2 3 4 |  4.2
Evocations     | 1 |  1.2
Stealth        | |  2.1
Transmutations | |  0.7

Action                   |  1- 3 |  4- 6 |  7- 9 | 10-12 || total
-------------------------+-------+-------+-------+-------++-------
Melee: Mace              |    28 |       |       |       ||    28
       Short sword       |    65 |       |       |       ||    65
       Dagger            |     7 |    88 |   329 |   162 ||   586
 Cast: Sandblast         |    14 |    13 |    49 |    79 ||   155
       Stone Arrow       |     1 |     2 |    22 |     9 ||    34
       Lee's Rapid Decon |       |     1 |    12 |     3 ||    16
Evoke: Box of beasts     |       |       |       |     1 ||     1
  Use: Scroll            |     4 |    10 |     8 |     1 ||    23
       Potion            |       |       |     6 |     3 ||     9
 Stab: Sleeping          |     2 |     3 |     7 |     3 ||    15
       Invisible         |       |       |     1 |       ||     1
  Eat: Chunk             |     3 |     7 |    17 |     5 ||    32
       Ration            |       |       |       |     1 ||     1
Armor: Robe              |    40 |    28 |   141 |    86 ||   295
Dodge: Dodged            |    81 |    56 |   228 |   164 ||   529

Table legend:
 A = Non-vault XP
 B = Vault XP
 C = Vault XP percentage of total XP
 D = Non-vault monster count
 E = Vault monster count
 F = Vault count percentage of total count
                 A         B        C        D         E       F
            +---------+---------+-------+---------+---------+-------
      Total |    5942 |    2471 |  29.4 |     182 |      69 |  27.5
            +---------+---------+-------+---------+---------+-------
        D:1 |      33 |       0 |   0.0 |      17 |       0 |   0.0
        D:2 |      57 |       0 |   0.0 |      26 |       0 |   0.0
        D:3 |      69 |     220 |  76.1 |      16 |       1 |   5.9
        D:4 |     235 |       0 |   0.0 |      13 |       0 |   0.0
        D:5 |     897 |     412 |  31.5 |      24 |       2 |   7.7
        D:6 |    1333 |      33 |   2.4 |      33 |      15 |  31.2
        D:7 |     855 |       0 |   0.0 |      25 |       0 |   0.0
        D:8 |     532 |     362 |  40.5 |      11 |      24 |  68.6
        D:9 |    1055 |    1444 |  57.8 |      14 |      27 |  65.9
       D:10 |     876 |       0 |   0.0 |       3 |       0 |   0.0
            +---------+---------+-------+---------+---------+-------
